 Dungeon Crawl Stone Soup version 0.23.0-3-gf3c87f2 (webtiles) character file.

Game seed: 2448430061588874117

42 Borgoz the Ducker (level 3, -1/31 HPs)
             Began as a Ghoul Monk on Feb 23, 2019.
             Slain by a worker ant (3 damage)
             ... on level 1 of the Dungeon.
             The game lasted 00:03:39 (1002 turns).

Borgoz the Ducker (Ghoul Monk)                      Turns: 1002, Time: 00:03:40

Health: -1/31      AC:  3    Str: 14    XL:     3   Next: 54%
Magic:  2/2        EV: 13    Int:  5    God:
Gold:   122        SH:  0    Dex: 12    Spells: 2/2 levels left

rFire    . . .     SeeInvis .   g - +0 dagger
rCold    + . .     Gourm    .   (no shield)
rNeg     + + +     Faith    .   b - +1 robe
rPois    ∞         Spirit   .   (no helmet)
rElec    .         Reflect  .   (no cloak)
rCorr    .         Harm     .   (no gloves)
MR       .....                  (no boots)
Stlth    ++........             (no amulet)
HPRegen  0.00/turn              (no ring)
MPRegen  0.08/turn              (no ring)

@: rotting
A: rotting body, claws 1, carnivore, cold resistance 1, negative energy
resistance 3, inhibited regeneration, torment resistance, unbreathing
a: no special abilities


You were on level 1 of the Dungeon.
You were not hungry.

You visited 1 branch of the dungeon, and saw 2 of its levels.

You collected 122 gold pieces.

Inventory:

Hand Weapons
 g - a +0 dagger (weapon)
Armour
 b - a +1 robe (worn)
Scrolls
 f - a scroll of remove curse
Comestibles
 c - 3 rations
 d - 9 chunks of flesh


   Skills:
 - Level 3.2 Fighting
 + Level 3.3 Short Blades
 + Level 3.4 Dodging
 + Level 2.4 Stealth


You had 2 spell levels left.
You didn't know any spells.
Your spell library was empty.

Dungeon Overview and Level Annotations

Branches:
Dungeon (2/15)

Altars:

Annotations:
D:2 Sigmund


Innate Abilities, Weirdness & Mutations

Your body is rotting away.
You thrive on raw meat.
You are immune to poison.
You have sharp fingernails.
You are carnivorous and can eat meat at any time.
Your flesh is cold resistant. (rC+)
You are immune to negative energy. (rN+++)
You do not regenerate when monsters are visible.
You are immune to unholy pain and torment.
You can survive without breathing.


Message History

You hit the worker ant but do no damage.
The worker ant is heavily wounded.
The worker ant bites you.
* * * LOW HITPOINT WARNING * * *
You hit the worker ant but do no damage.
The worker ant is heavily wounded.
The worker ant completely misses you. The worker ant barely misses you.
There is a stone staircase leading up here.
The worker ant closely misses you.
You climb upwards.
There is a stone staircase leading down here.
You closely miss the worker ant.
The worker ant is heavily wounded.
The worker ant bites you.
* * * LOW HITPOINT WARNING * * *
You hit the worker ant.
The worker ant is heavily wounded.
The worker ant bites you.
You die...

#.......# #.# #########
........# #.# ##...#...##
.#......# #.# ##.........##
##......# #.# #...........#
##......####.# #...........#
#...........## ##..........)#
##......####..#####...........##
........# #.........#...#...##
.##.....# #....@....#########
..#.....# #.###a#...#####
..###..## #.##....#.....##
...###.# #.##...######..#
.....#.# #.##...######.##
...#.#.#####..........)..#
...............#..###########
.##.........####..#######...#
...........#####..#.........#


You could see a worker ant.

Vanquished Creatures
  4 dart slugs
  A ball python (D:1)
  A giant cockroach (D:2)
  3 goblins
  4 hobgoblins (D:1)
  2 jackals
  6 kobolds
  A quokka (D:2)
  4 bats
  2 frilled lizards (D:1)
  4 rats
32 creatures vanquished.

Vanquished Creatures (others)
  A kobold (D:2)
  A goblin (D:2)
2 creatures vanquished.

Grand Total: 34 creatures vanquished

Notes
Turn   | Place    | Note
-------+----------+-------------------------------------------
     0 | D:1      | Borgoz the Ghoul Monk began the quest for the Orb.
     0 | D:1      | Reached XP level 1. HP: 19/19 MP: 0/0
   157 | D:1      | Reached XP level 2. HP: 12/26 MP: 1/1
   686 | D:2      | Noticed Sigmund
   723 | D:2      | Reached XP level 3. HP: 23/31 MP: 2/2
  1002 | D:1      | Slain by a worker ant

Skill      XL: |  1  2 |
---------------+-------+-----
Dodging        | 3 |  3.4
Short Blades   | 3 |  3.3
Fighting       | |  3.2
Stealth        | |  2.4

Action                   || total
-------------------------++-------
Melee: Short sword       ||    53
       Dagger            ||   133
Evoke: Wand              ||     1
  Use: Scroll            ||     6
       Potion            ||     1
 Stab: Sleeping          ||     3
  Eat: Chunk             ||    13
Armor: Robe              ||    29
Dodge: Dodged            ||   132
